 Dungeon Crawl Stone Soup version 0.30-a0-377-g5cb311bc9f (webtiles) character file.

Game seed: 4708255527342140716

2530656 KARABOGA the Slayer (level 26, 92/212 HPs)
             Began as a Minotaur Fighter on Nov 29, 2022.
             Was the Champion of Ashenzari.
             Escaped with the Orb
             ... and 4 runes on Nov 30, 2022!
             The game lasted 03:52:00 (60066 turns).

KARABOGA the Slayer (Minotaur Fighter)             Turns: 60066, Time: 03:52:00

Health: 92/212     AC: 39    Str: 34    XL:     26   Next: 4%
Magic:  20/20      EV: 29    Int:  5    God:    Ashenzari [******]
Gold:   6660       SH: 33    Dex: 23    Spells: 23/25 levels left

rFire   + . .      SeeInvis +    Z - +9 demon blade of the All-seeing Apathy {vamp, Melee, Evo} (curse)
rCold   + . .      Faith    .    M - +6 tower shield of the Enigmatic Portent {rC+, Cun, Fort} (curse)
rNeg    . . .      Spirit   .    A - +10 plate armour of the Distant Regret {Alch, Melee} (curse)
rPois   .          Reflect  .    O - +0 mask of the Dragon {Will+ Slay+3 SInv, Range, Melee} (curse)
rElec   +          Harm     .    E - scarf of Ashenzari's Planets {repulsion, Fort, Comp} (curse)
rCorr   .          Rampage  +    g - +1 pair of gloves "Chained With Me" {Evo, Fort} (curse)
Will    +++..      Clarity  +    C - +0 pair of boots "Bound Prison" {rampage, Fort, Evo} (curse)
Stlth   ..........               K - amulet "Jealousy of Ashenzari" {rElec Regen+, Self, Alch} (curse)
HPRegen 1.35/turn                X - ring "Manifest Portent" {Will+ Str+8 Dex+6, Elem, Fort} (curse)
MPRegen 0.17/turn                o - ring of the Fated Visionary {rF+, Melee, Elem} (curse)

@: mildly poisoned (92 -> 92), studying Fighting, repel missiles
A: horns 2, retaliatory headbutt, iridescent scales 1, berserk 2, frail 2, low
MP 1, MP-powered wands
0: Orb of Zot
}: 4/15 runes: decaying, serpentine, silver, abyssal
a: Renounce Religion, Shatter the Chains


You escaped.
You worshipped Ashenzari.
Ashenzari was exalted by your worship.
You visited 11 branches of the dungeon, and saw 49 of its levels.
You visited the Abyss 4 times.
You also visited: Trove, Volcano and Desolation.

You collected 10573 gold pieces.
You spent 3913 gold pieces at shops.

Inventory:

Hand Weapons
 l - the +9 spear "Imoof" {freeze, rF++}
   (You found it on level 2 of the Dungeon)

   It freezes those it strikes, dealing additional cold damage.
   It can also slow down cold-blooded creatures.
   rF:        It greatly protects you from fire.
 H - the +8 trishula "Condemnation" {holy, anguish, *Noise Fly rN+}
   (You took it off a deep elf pyromancer on level 3 of the Elven Halls)

   It has been blessed by the Shining One to cause great damage to the undead
   and demons.
   It inflicts anguish, making its victims' attacks reflect back on them.
   rN:        It protects you from negative energy.
   Fly:       It grants you flight.
   *Noise:    It may make noises in combat.
 N - the +10 great sword "Byemabag" {vorpal, Fragile rElec rPois Str+7}
   (You bought it in a shop on level 1 of the Orcish Mines)

   It inflicts extra damage upon your enemies.
   Str:       It affects your strength (+7).
   rElec:     It insulates you from electricity.
   rPois:     It protects you from poison.
   Fragile:   It will be destroyed if unequipped.
 Z - the cursed +9 demon blade of the All-seeing Apathy (weapon) {vamp, Melee, Evo}
   (You took it off Asterion on level 2 of the Vaults)

   It occasionally heals its wielder for a portion of the damage dealt when it
   wounds a living foe.
   It has a curse which improves the following skills: Melee Combat: Short
   Blades, Long Blades, Axes, Maces & Flails, Polearms, Staves and Unarmed
   Combat.
   Evocations: Evocations.
Armour
 g - the cursed +1 pair of gloves "Chained With Me" (worn) {Evo, Fort}
   (You found it on level 4 of the Dungeon)

   It has a curse which improves the following skills: Evocations: Evocations.
   Fortitude: Armour and Shields.
 A - the cursed +10 plate armour of the Distant Regret (worn) {Alch, Melee}
   (You took it off an orc warrior on level 2 of the Orcish Mines)

   It has a curse which improves the following skills: Alchemy: Poison Magic and
   Transmutations.
   Melee Combat: Short Blades, Long Blades, Axes, Maces & Flails, Polearms,
   Staves and Unarmed Combat.
 C - the cursed +0 pair of boots "Bound Prison" (worn) {rampage, Fort, Evo}
   (You found it on level 4 of the Vaults)

   It has a curse which improves the following skills: Fortitude: Armour and
   Shields.
   Evocations: Evocations.
 E - the cursed scarf of Ashenzari's Planets (worn) {repulsion, Fort, Comp}
   (You found it on level 9 of the Dungeon)

   It has a curse which improves the following skills: Fortitude: Armour and
   Shields.
   Companions: Summonings and Necromancy.
 M - the cursed +6 tower shield of the Enigmatic Portent (worn) {rC+, Cun, Fort}
   (You acquired it on level 1 of the Depths)

   rC:        It protects you from cold.
   It has a curse which improves the following skills: Cunning: Dodging and
   Stealth.
   Fortitude: Armour and Shields.
 O - the cursed +0 mask of the Dragon (worn) {Will+ Slay+3 SInv, Range, Melee}
   (You found it on level 2 of the Depths)

   Slay:      It affects your accuracy & damage with ranged weapons and melee
   (+3).
   SInv:      It lets you see invisible.
   Will:      It increases your willpower.
   It has a curse which improves the following skills: Ranged Combat: Ranged
   Weapons and Throwing.
   Melee Combat: Short Blades, Long Blades, Axes, Maces & Flails, Polearms,
   Staves and Unarmed Combat.
Jewellery
 i - a +6 ring of dexterity
 j - a ring of positive energy
 m - the ring "Gathot" {Ice *Corrode +Blink Fly Int+3}
   (You took it off Josephina on level 4 of the Depths)

   [ring of ice]

   It enhances your ice magic.
   Int:       It affects your intelligence (+3).
   rF:        It makes you vulnerable to fire.
   rC:        It protects you from cold.
   Fly:       It grants you flight.
   +Blink:    It lets you blink.
   *Corrode:  It may corrode you when you take damage.
 o - the cursed ring of the Fated Visionary (right hand) {rF+, Melee, Elem}
   (You bought it in a shop on level 5 of the Vaults)

   [ring of protection from fire]

   rF:        It protects you from fire.
   It has a curse which improves the following skills: Melee Combat: Short
   Blades, Long Blades, Axes, Maces & Flails, Polearms, Staves and Unarmed
   Combat.
   Elements:  Fire Magic, Ice Magic, Air Magic and Earth Magic.
 K - the cursed amulet "Jealousy of Ashenzari" (around neck) {rElec Regen+, Self, Alch}
   (You found it on level 2 of the Depths)

   [amulet of regeneration]

   rElec:     It insulates you from electricity.
   Regen:     It increases your rate of health regeneration.
   It has a curse which improves the following skills: Introspection: Fighting
   and Spellcasting.
   Alchemy:   Poison Magic and Transmutations.
 L - the amulet "Bucliul" {Faith Regen+ Str+7}
   (You took it off a deep elf death mage on level 3 of the Elven Halls)

   [amulet of faith]

   It allows you to gain divine favour quickly.
   Str:       It affects your strength (+7).
   Regen:     It increases your rate of health regeneration.
 Q - a +4 ring of evasion
 V - a ring of resist corrosion
 W - the ring of Lioxofy {Drain rN++ rCorr Int+6}
   (You took it off an imperial myrmidon in the Desolation of Salt)

   [ring of intelligence]

   Int:       It affects your intelligence (+6).
   rN:        It greatly protects you from negative energy.
   rCorr:     It protects you from acid and corrosion.
   Drain:     It drains your maximum health when unequipped.
 X - the cursed ring "Manifest Portent" (left hand) {Will+ Str+8 Dex+6, Elem, Fort}
   (You found it in the Desolation of Salt)

   [ring of willpower]

   Str:       It affects your strength (+8).
   Dex:       It affects your dexterity (+6).
   Will:      It increases your willpower.
   It has a curse which improves the following skills: Elements: Fire Magic, Ice
   Magic, Air Magic and Earth Magic.
   Fortitude: Armour and Shields.
Wands
 r - a wand of quicksilver (26)
 w - a wand of flame (93)
 z - a wand of polymorph (38)
 I - a wand of paralysis (30)
 J - a wand of roots (38)
 R - a wand of digging (35)
 U - a wand of mindburst (10)
Scrolls
 b - 4 scrolls of amnesia
 e - 11 scrolls of teleportation
 n - 7 scrolls of magic mapping
 p - a scroll of summoning
 t - a scroll of brand weapon
 x - a scroll of fog
 y - 7 scrolls of fear
 B - a scroll of enchant armour
 F - 4 scrolls of enchant weapon
 G - a scroll of silence
Potions
 a - 3 potions of flight
 d - 4 potions of might
 h - 18 potions of curing
 k - 9 potions of heal wounds
 q - 2 potions of magic
 s - a potion of resistance
 P - 3 potions of ambrosia
 S - a potion of berserk rage
 T - 3 potions of haste
 Y - 2 potions of brilliance
Miscellaneous
 c - a piece from Xom's chessboard (15/15)


   Skills:
 - Level 26.3(27) Fighting
 - Level 24.3(27) Long Blades
 - Level 4.5(10.1) Maces & Flails
 + Level 20.3(26.1) Polearms
 - Level 21.0(27) Armour
 - Level 25.5(27) Dodging
 - Level 20.4(27) Shields
 - Level 4.2(8.8) Evocations


You had 23 spell levels left.
You knew the following spells:

 Your Spells              Type           Power      Damage    Failure   Level
a - Magic Dart            Conj           0%         1d3       77%         1
b - Summon Small Mammal   Summ           0%         N/A       73%         1

Your spell library contained the following spells:

 Spells                   Type           Power      Damage    Failure   Level
 Sting                    Tmut/Pois      0%         1d3       71%         1
 Necrotise                Necr           0%         1d4       73%         1
 Kiss of Death            Conj/Necr      0%         2d5       75%         1
 Apportation              Tloc           0%         N/A       77%         1
 Slow                     Hex            0%         N/A       77%         1
 Passwall                 Tmut/Erth      0%         N/A       83%         2
 Poisonous Vapours        Pois/Air       0%         N/A       83%         2
 Wereblood                Tmut           0%         N/A       83%         2
 Call Imp                 Summ           0%         N/A       86%         2
 Static Discharge         Conj/Air       0%         2-2/arc   86%         2
 Sublimation of Blood     Necr           0%         N/A       86%         2
 Searing Ray              Conj           0%         2d4       88%         2
 Ignite Poison            Fire/Tmut/Pois 0%         N/A       97%         3
 Kindle Blastsparks       Fire/Tloc/Air  0%         2d10      97%         3
 Mephitic Cloud           Conj/Pois/Air  0%         N/A       97%         3
 Ozocubu's Armour         Ice            0%         N/A       97%         3
 Spider Form              Tmut/Pois      0%         N/A       97%         3
 Vampiric Draining        Necr           0%         2d6       97%         3
 Confusing Touch          Hex            0%         N/A       98%         3
 Dazzling Flash           Conj/Hex       0%         N/A       98%         3
 Inner Flame              Hex/Fire       0%         N/A       98%         3
 Portal Projectile        Hex/Tloc       0%         N/A       98%         3
 Teleport Other           Tloc           0%         N/A       98%         3
 Tukima's Dance           Hex            0%         N/A       98%         3
 Vhi's Electric Charge    Tloc/Air       0%         N/A       98%         3
 Airstrike                Air            0%         2d(0-16)  100%        4
 Animate Armour           Summ/Erth      0%         N/A       100%        4
 Cause Fear               Hex            0%         N/A       100%        4
 Dispel Undead            Necr           0%         3d6       100%        4
 Fulminant Prism          Conj/Hex       0%         3d5       100%        4
 Iskenderun's Mystic Bla  Conj/Tloc      0%         2d3       100%        4
 Olgreb's Toxic Radiance  Pois           0%         N/A       100%        4
 Passage of Golubria      Tloc           0%         N/A       100%        4
 Petrify                  Tmut/Erth      0%         N/A       100%        4
 Summon Ice Beast         Ice/Summ       0%         N/A       100%        4
 Summon Lightning Spire   Summ/Air       0%         N/A       100%        4
 Alistair's Intoxication  Tmut/Pois      0%         N/A       100%        5
 Arcjolt                  Conj/Air       0%         1d10      100%        5
 Blade Hands              Tmut           0%         N/A       100%        5
 Borgnjor's Vile Clutch   Necr/Erth      0%         N/A       100%        5
 Fireball                 Conj/Fire      0%         3d3       100%        5
 Freezing Cloud           Conj/Ice/Air   0%         6-21      100%        5
 Lee's Rapid Deconstruct  Erth           0%         3d4*      100%        5
 Lightning Bolt           Conj/Air       0%         1d11      100%        5
 Metabolic Englaciation   Hex/Ice        0%         N/A       100%        5
 Summon Forest            Summ/Tloc      0%         N/A       100%        5
 Summon Mana Viper        Hex/Summ       0%         N/A       100%        5
 Yara's Violent Unravell  Hex/Tmut       0%         3d3       100%        5
 Eringya's Noxious Bog    Tmut/Pois      0%         N/A       100%        6
 Iron Shot                Conj/Erth      0%         9d1       100%        6
 Simulacrum               Ice/Necr       0%         N/A       100%        6
 Starburst                Conj/Fire      0%         6d3       100%        6
 Statue Form              Tmut/Erth      0%         N/A       100%        6
 Summon Cactus Giant      Summ           0%         N/A       100%        6
 Dragon Form              Tmut           0%         N/A       100%        7
 Haunt                    Necr/Summ      0%         N/A       100%        7
 Monstrous Menagerie      Summ           0%         N/A       100%        7
 Summon Hydra             Summ           0%         N/A       100%        7
 Discord                  Hex            0%         N/A       100%        8
 Lehudib's Crystal Spear  Conj/Erth      0%         10d2      100%        8
 Dragon's Call            Summ           0%         N/A       100%        9
 Fire Storm               Conj/Fire      0%         5d1       100%        9


Dungeon Overview and Level Annotations

Branches:
Dungeon (15/15)            Temple (1/1) D:5            Lair (5/5) D:9
  Swamp (4/4) Lair:2        Snake (4/4) Lair:3        Slime (0/5) Lair:4
    Orc (2/2) D:12            Elf (3/3) Orc:2        Vaults (5/5) D:14
  Crypt (1/3) Vaults:3     Depths (4/4) D:15            Zot (5/5) Depths:4
Volcano (visited)         Desolation (visited)

Altars:
Ashenzari
Cheibriados
Dithmenos
Elyvilon
Fedhas
Gozag
Hepliaklqana
Kikubaaqudgha
Makhleb
Nemelex Xobeh
Okawaru
Qazlal
Ru
Sif Muna
Trog
Uskayaw
Vehumet
Wu Jian
Xom
Yredelemnul
Zin
The Shining One
Jiyva

Shops:
D:12 ?   Orc:1 (?(??   Orc:2 *?=*   Elf:1 (?   Elf:3 =   Snake:3 (   Vaults:1 :
Vaults:5 ?!=[?[!   Depths:1 ?*

Portals:
Hell: Depths:1 Depths:2 Depths:3 Depths:4
Abyss: Depths:1 Depths:3 Depths:4
Pandemonium: Depths:2 Depths:3
Ziggurat: Depths:1

Annotations:
Swamp:2 3 runed translucent doors, Babtu's ghost, adept HOFi
Zot:5 2 transporters


Innate Abilities, Weirdness & Mutations

You have a pair of horns on your head.
You reflexively headbutt those who attack you in melee.
You are partially covered in iridescent scales. (AC +2)
You have an uncontrollable temper.
You are very frail. (-20% HP)
Your magical capacity is low. (-10% MP)
You expend magic power (3 MP) to strengthen your wands.


Message History

You hit Malow but do no damage.
Malow is severely wounded.
You feel sick. You block the sun demon's attack.
Unknown command.
You hit Malow. You headbutt Malow!
Malow is severely wounded.
You feel sick.
Malow gestures. 3 ball lightnings come into view.
You slash Malow!
Malow is severely wounded.
You feel sick. You block the sun demon's attack.
The ball lightning explodes!
The blast of lightning engulfs the sun demon!
The sun demon resists.
The blast of lightning engulfs Malow.
Malow completely resists.
The blast of lightning engulfs you! You resist.
The blast of lightning engulfs the ball lightning.
The ball lightning completely resists.
The ball lightning explodes!
The blast of lightning engulfs you! You resist.
The blast of lightning engulfs the sun demon!!
The sun demon resists.
The sun demon dies!
The blast of lightning engulfs Malow.
Malow completely resists.
You open Malow like a pillowcase!!!
As Malow dies, the sound returns.
You kill Malow!
You feel sick.
The ball lightning explodes!
The blast of lightning engulfs you! You resist.
The blast of lightning engulfs the blizzard demon.
The blizzard demon completely resists.
You feel sick.
You feel sick. The blizzard demon gestures at you. The bolt of cold misses you.
There is a staircase leading out of the dungeon here.
You feel sick.
The blizzard demon waves its arms in wide circles.
The air twists around and strikes you.
You have escaped!

.....#.#........................#
##.#.#.#########....###########..
.....#.##### ##..####.........###
####.......###..##...............
................'......⌠...⌠.....
####.......###.##...⌠.........⌠..
##........###.#.......(.≈.......
##..##.....[##.#...⌠...........⌠.
.........{..##.#@.....≈.....≈....
##.###......##.#...⌠.2.........⌠.
#>...)........#.........≈.......
#####.......####...⌠.........⌠..
#.........#.......⌠...⌠.....
#......##..##...............
#......###.#####.........###
######......###.....###########..
.................##.............#


You could see a blizzard demon.

Vanquished Creatures
  A dread lich (Vaults:5)
  2 orbs of fire
  Boris (twice) (Vaults:2 Depths:2)
  3 pandemonium lords
  Josephina (Depths:4)
  A Killer Klown (Zot:5)
  A curse toe (Zot:3)
  7 golden dragons
  11 caustic shrikes
  Nikola (Elf:3)
  A bone dragon (Abyss:3)
  An electric golem (Zot:3)
  17 tentacled monstrosities
  Jorgrun (Snake:1)
  Asterion (Vaults:2)
  19 Orb Guardians
  3 liches
  A Hell Sentinel (D:4)
  Mlioglotl (Snake:1)
  8 quicksilver dragons
  A walking divine tome (Depths:4)
  7 titans
  3 deep elf master archers (Elf:3)
  3 sphinxes
  A deep elf blademaster (Elf:3)
  Frances (D:12)
  8 death cobs
  Gastronok (D:11)
  3 tentacled starspawn
  Kirke (Swamp:1)
  6 tengu reavers
  A thorn hunter (Swamp:4)
  8 shadow dragons
  5 draconian monks
  13 storm dragons
  7 fire giants
  Donald (Snake:1)
  2 fenstrider witches
  2 draconian knights (Zot:3)
  7 deep elf sorcerers
  9 frost giants
  6 nagarajas
  A demonspawn warmonger (Depths:3)
  3 imperial myrmidons (Desolation)
  15 vault wardens
  A balrug (Abyss:3)
  4 iron dragons
  8 draconian shifters
  A cacodemon (Abyss:4)
  Louise (Swamp:2)
  10 draconian scorchers
  7 ghouls
  Aizul (Snake:1)
  2 ghost moths
  3 draconian stormcallers
  4 deep elf elementalists (Elf:3)
  2 orc warlords
  3 spriggan defenders (Depths:4)
  19 stone giants
  13 ironbound preservers
  A reaper (Depths:3)
  5 war gargoyles
  14 very ugly things
  12 green draconians
  2 ironbound thunderhulks
  12 white draconians
  9 dire elephants
  6 deep elf demonologists
  5 purple draconians
  15 black draconians
  5 eleionomae
  A vampire knight (Depths:3)
  7 yellow draconians
  10 deep elf annihilators
  2 halazid warlocks (Desolation)
  4 spark wasps
  9 red draconians
  4 bunyips
  11 deep elf death magi
  13 ettins
  An eidolon (Abyss:3)
  An entropy weaver (shapeshifter) (Vaults:5)
  10 deep elf high priests
  2 shambling mangroves
  6 fire dragons
  A green death (Depths:2)
  2 crystal guardians (Desolation)
  3 entropy weavers
  3 ragged hierophants (Desolation)
  5 great orbs of eyes
  15 yaktaur captains
  2 salamander tyrants (Snake:4)
  11 ice dragons
  A hell beast (Depths:1)
  16 peacekeepers
  The ghost of Yxtef the Carver, a journeyman DsFi of Okawaru (D:15)
  A rakshasa (Depths:1)
  6 alligators
  6 servants of whispers (Desolation)
  5 anacondas
  A caustic shrike simulacrum (Depths:4)
  27 vault guards
  4 spriggan air magi
  Erica (D:8)
  8 ironbound frosthearts
  7 boulder beetles
  4 ghost crabs
  28 hydras
  A radroach (shapeshifter) (Depths:4)
  28 dancing weapons
  5 deep troll earth magi
  9 centaur warriors
  A death knight (Vaults:3)
  2 two-headed ogres
  2 catoblepae
  2 two-headed ogres (shapeshifter)
  4 vampire magi
  6 tengu warriors
  3 thrashing horrors (Abyss:3)
  A hell hog (Depths:1)
  10 death yaks
  9 deep troll shamans
  Urug (Lair:3)
  13 naga warriors
  4 spriggan berserkers
  8 hell knights (Depths:3)
  12 naga sharpshooters
  12 shock serpents
  2 sun demons
  An orc high priest (Elf:3)
  20 deep elf knights
  8 iron trolls
  12 skeletal warriors
  4 sixfirhies
  Amaemon (D:8)
  2 soul eaters
  2 salamander mystics (Snake:4)
  Lodul (D:12)
  4 goliath frogs
  A shadow wraith (Abyss:3)
  5 anaconda zombies (Snake:1)
  3 wretched stars
  A storm dragon zombie (Vaults:4)
  A shadow demon (Depths:1)
  52 deep trolls
  9 sea snakes (Snake:1)
  11 swamp dragons
  A death drake (Swamp:4)
  3 spriggan druids
  6 glowing orange brains
  A spriggan simulacrum (Depths:4)
  4 naga ritualists
  2 spectral anacondas (Snake:1)
  19 deep elf archers
  11 bog bodies
  13 lindwurms
  2 anaconda skeletons (Snake:1)
  A flayed ghost (Depths:4)
  14 wizards
  23 ironbound convokers
  A harpy (shapeshifter) (Vaults:5)
  6 phantasmal warriors
  13 harpies
  16 orc knights
  A shadow dragon zombie (Vaults:4)
  29 deep elf pyromancers
  A mana viper (shapeshifter) (Abyss:4)
  27 deep elf zephyrmancers
  An iron dragon zombie (D:15)
  5 necromancers
  34 ugly things
  2 orc sorcerers
  5 manticores
  7 spectral spriggans (Swamp:2)
  7 mana vipers
  33 slime creatures
  An oklob plant (Lair:4)
  3 worldbinders (Abyss:3)
  6 will-o-the-wisps
  7 cyclopes
  14 salamanders
  8 elephants (Lair:5)
  21 moths of wrath
  17 vault sentinels
  A black mamba (shapeshifter) (Vaults:5)
  5 guardian serpents
  30 black mambas
  2 molten gargoyles (Desolation)
  2 smoke demons (Abyss:6)
  10 cane toads
  A torpor snail (Lair:2)
  14 naga magi
  A storm dragon simulacrum (Depths:4)
  A hellion (Depths:3)
  4 orange demons
  5 gargoyles
  2 efreet
  2 rime drakes
  8 anaconda simulacra (Snake:1)
  4 kobold demonologists
  4 unseen horrors
  2 ice devils
  11 komodo dragons
  38 yaktaurs
  A freezing wraith (D:14)
  4 tengu conjurers
  3 ancient zymes
  A golden dragon simulacrum (Depths:4)
  11 trolls
  2 red devils
  A troll (shapeshifter) (D:15)
  2 meliai (D:14)
  2 polar bears
  A tengu simulacrum (Depths:4)
  A bloated husk (Swamp:2)
  10 tyrant leeches
  12 hornets
  5 dream sheep
  2 ettin zombies
  18 blink frogs
  46 saltlings (Desolation)
  A raiju (Zot:4)
  A slime creature (shapeshifter) (Vaults:3)
  8 starcursed masses
  2 vampires
  3 air elementals
  A jumping spider (shapeshifter) (Vaults:5)
  9 flying skulls
  A shadow (D:12)
  12 spriggans
  3 wraiths
  6 water elementals
  2 ynoxinuls
  A human (shapeshifter) (D:14)
  6 wyverns
  A fire bat (shapeshifter) (Abyss:4)
  9 fire elementals
  45 yaks
  7 basilisks
  4 chaos spawn
  12 vampire mosquitoes
  7 neqoxecs
  A redback (Vaults:1)
  A steam dragon (D:6)
  14 spatial vortices (Abyss:4)
  32 nagas
  Grum (D:8)
  6 wargs
  21 swamp worms
  10 large abominations
  An acid dragon (D:12)
  3 floating eyes
  An ogre zombie (Vaults:4)
  17 water moccasins
  4 black bears
  41 orc warriors
  2 sky beasts
  9 swamp drakes
  A boggart (D:12)
  13 ogres
  3 centaurs
  A tengu (shapeshifter) (Vaults:5)
  22 wolves
  A phantom (D:5)
  4 elf zombies (Elf:2)
  4 kobold brigands (D:10)
  A gnoll sergeant (D:7)
  9 bullfrogs
  5 earth elementals
  A scorpion (D:5)
  A necrophage (D:7)
  5 wights (D:9)
  A killer bee (D:11)
  4 howler monkeys
  6 electric eels (Snake:1)
  3 quasits (D:15)
  An iron imp (Abyss:4)
  3 hounds
  16 orc priests
  2 gnoll boudas
  5 iguanas
  18 orc wizards
  8 small abominations
  A statue (D:7)
  15 gnolls
  9 adders
  A shadow imp (D:5)
  A white imp (Abyss:4)
  2 ufetubi
  3 worms
  4 dart slugs
  78 orcs
  6 endoplasms
  12 giant cockroaches
  15 hobgoblins
  2 jackals (D:4)
  2 quokkas
  6 ball pythons
  6 bats
  11 frilled lizards
  8 goblins
  17 kobolds
  6 rats
  A bush (Lair:4)
  A fire vortex (Depths:1)
  2 starspawn tentacles
2161 creatures vanquished.

Vanquished Creatures (collateral kills)
  An ironbound preserver (D:14)
  A catoblepas (Lair:5)
  A centaur warrior (D:14)
  3 death yaks
  2 skeletal warriors (D:15)
  2 bog bodies
  3 ugly things
  A frost giant zombie (D:15)
  2 orc knights (Orc:2)
  3 elephants (Lair:5)
  A rust devil (Abyss:3)
  A torpor snail (Lair:4)
  A bloated husk (Swamp:2)
  A meliai (D:14)
  A slime creature (D:14)
  3 dream sheep
  3 blink frogs (Lair:2)
  An ettin skeleton (D:15)
  3 humans (Swamp:1)
  6 yaks
  A vampire mosquito (Swamp:1)
  A basilisk (D:14)
  A naga (Lair:3)
  6 orc warriors
  6 ogres
  A starcursed mass (Abyss:3)
  2 orc wizards
  2 gnolls (Orc:1)
  17 orcs
  A starspawn tentacle (Abyss:3)
78 creatures vanquished.

Vanquished Creatures (others)
  A deep elf blademaster (Elf:3)
  A fire giant (D:12)
  A draconian scorcher (Zot:3)
  A draconian shifter (Zot:4)
  A deep elf high priest (Elf:3)
  A vault guard (Vaults:5)
  A sun demon (D:1)
  A swamp dragon (Swamp:4)
  A large abomination (D:1)
  A deep elf pyromancer (D:12)
  An elephant (Lair:5)
  A freezing wraith (D:14)
  A bloated husk (Swamp:3)
  3 saltlings (Desolation)
  A jumping spider (Vaults:1)
  A starcursed mass (Abyss:3)
  A warg (Orc:2)
  2 orc warriors
  An ogre (Orc:2)
  A wolf (Lair:5)
  A white imp (Abyss:3)
  An ufetubus (Abyss:3)
  14 orcs
  9 ball lightnings
  A bush (Abyss:4)
  36 foxfires
  35 fungi
  A lurking horror (Abyss:3)
  61 plants
  30 starspawn tentacles
  4 withered plants (D:15)
216 creatures vanquished.

Grand Total: 2455 creatures vanquished

Notes
Turn   | Place    | Note
-------+----------+-------------------------------------------
     0 | D:1      | KARABOGA the Minotaur Fighter began the quest for the Orb.
     0 | D:1      | Reached XP level 1. HP: 19/19 MP: 0/0
   265 | D:1      | Reached XP level 2. HP: 24/26 MP: 1/1
  1000 | D:1      | Reached XP level 3. HP: 31/31 MP: 2/2
  1223 | D:2      | Identified the +9 spear "Imoof" {freeze, rF++}
  1279 | D:2      | Reached skill level 1 in Polearms
  1741 | D:3      | Reached XP level 4. HP: 38/39 MP: 3/3
  1816 | D:3      | Reached XP level 5. HP: 45/45 MP: 4/4
  1825 | D:3      | Identified the +10 spear of the Nurturing Pariah {vorpal,
                  | rElec Int+7}
  2120 | D:3      | You fall into a shaft and drop 1 floor!
  2147 | D:4      | Noticed an orc warrior
  2156 | D:4      | Reached skill level 5 in Polearms
  2160 | D:4      | Reached XP level 6. HP: 23/51 MP: 5/5
  2166 | D:4      | Killed an orc warrior
  3241 | D:5      | Entered Level 5 of the Dungeon
  3241 | D:5      | Found a staircase to the Ecumenical Temple.
  3257 | Temple   | Entered the Ecumenical Temple
  3343 | Temple   | Became a worshipper of Ashenzari the Shackled
  3378 | D:5      | Reached XP level 7. HP: 57/57 MP: 6/6
  3601 | D:5      | Reached skill level 10 in Polearms
  3882 | D:5      | Reached XP level 8. HP: 60/64 MP: 7/7
  3978 | D:5      | Reached skill level 4 in Fighting
  4199 | D:6      | Reached skill level 5 in Fighting
  4418 | D:6      | Reached skill level 6 in Fighting
  5113 | D:7      | Found a radiant altar of Vehumet.
  5126 | D:7      | Reached skill level 7 in Fighting
  5269 | D:7      | Reached skill level 8 in Fighting
  5429 | D:7      | Reached skill level 9 in Fighting
  5593 | D:7      | Reached XP level 9. HP: 83/83 MP: 8/8
  5603 | D:7      | Identified the +2 whip of the Poles {speed, Drain rElec
                  | Will+}
  5739 | D:7      | Reached skill level 10 in Fighting
  5951 | D:8      | Reached * piety under Ashenzari
  6022 | D:8      | Reached skill level 11 in Fighting
  6039 | D:8      | Noticed an orange demon
  6040 | D:8      | Noticed Amaemon
  6047 | D:8      | Killed an orange demon
  6054 | D:8      | Killed Amaemon
  6055 | D:8      | Reached skill level 12 in Fighting
  6229 | D:8      | Noticed Erica
  6243 | D:8      | Killed Erica
  6244 | D:8      | Reached skill level 13 in Fighting
  6244 | D:8      | Reached XP level 10. HP: 83/101 MP: 9/9
  6455 | D:8      | Found a snail-covered altar of Cheibriados.
  6457 | D:8      | Found a shimmering altar of Xom.
  6459 | D:8      | Found a hide-covered altar of Uskayaw.
  6460 | D:8      | Found an ornate altar of the Wu Jian Council.
  6461 | D:8      | Found a shimmering blue altar of Sif Muna.
  6461 | D:8      | Found a glowing silver altar of Zin.
  6461 | D:8      | Found a white marble altar of Elyvilon.
  6462 | D:8      | Found an opulent altar of Gozag.
  6463 | D:8      | Found a glowing golden altar of the Shining One.
  6464 | D:8      | Found a stormy altar of Qazlal.
  6465 | D:8      | Found a burning altar of Makhleb.
  6539 | D:8      | Noticed Grum
  6554 | D:8      | Killed Grum
  6555 | D:8      | Reached skill level 14 in Fighting
  6716 | D:9      | Reached skill level 5 in Armour
  6953 | D:8      | Learned a level 1 spell: Magic Dart
  7126 | D:9      | Reached ** piety under Ashenzari
  7253 | D:9      | Learned a level 1 spell: Summon Small Mammal
  7259 | D:9      | Found a staircase to the Lair.
  7350 | D:10     | Entered Level 10 of the Dungeon
  7574 | D:10     | Reached XP level 11. HP: 79/110 MP: 10/10
  7750 | D:10     | Noticed a two-headed ogre
  7757 | D:10     | Killed a two-headed ogre
  7867 | D:10     | Reached skill level 5 in Shields
  8425 | D:11     | Noticed Gastronok
  8438 | D:11     | Killed Gastronok
  8543 | D:11     | Noticed a boulder beetle
  8567 | D:11     | Killed a boulder beetle
  8959 | D:11     | Reached skill level 15 in Fighting
  9150 | D:11     | Noticed a sixfirhy
  9264 | D:11     | Noticed a cyan ugly thing
  9290 | D:11     | Killed a cyan ugly thing
  9291 | D:11     | Reached skill level 16 in Fighting
  9291 | D:11     | Reached XP level 12. HP: 77/122 MP: 11/11
  9641 | Lair:1   | Entered Level 1 of the Lair of Beasts
 10192 | Lair:1   | Reached skill level 10 in Armour
 10679 | Lair:2   | Noticed an eight-headed hydra
 10687 | Lair:2   | Killed an eight-headed hydra
 11514 | Lair:2   | Noticed a five-headed hydra
 11519 | Lair:2   | Killed a five-headed hydra
 11643 | Lair:2   | Reached skill level 17 in Fighting
 11651 | Lair:2   | Noticed a six-headed hydra
 12104 | Lair:2   | Killed a six-headed hydra
 12204 | Lair:2   | Noticed a boulder beetle
 12238 | Lair:2   | Killed a boulder beetle
 12239 | Lair:2   | Reached XP level 13. HP: 136/136 MP: 12/12
 12451 | Lair:2   | Found a staircase to the Swamp.
 12633 | Lair:3   | Found a dark tunnel.
 12642 | Volcano  | Entered a volcano
 12668 | Volcano  | Reached skill level 18 in Fighting
 12710 | Volcano  | Noticed a stone giant
 12724 | Volcano  | Killed a stone giant
 12955 | Lair:3   | Reached *** piety under Ashenzari
 12989 | Lair:3   | Found a staircase to the Snake Pit.
 13220 | Lair:3   | Reached skill level 19 in Fighting
 13246 | Lair:3   | Noticed Urug
 13255 | Lair:3   | Killed Urug
 13256 | Lair:3   | Reached skill level 1 in Dodging
 14019 | Lair:4   | Found a staircase to the Slime Pits.
 14019 | Lair:4   | Found a viscous altar of Jiyva.
 14028 | Lair:4   | Reached **** piety under Ashenzari
 14103 | Lair:4   | Reached skill level 5 in Dodging
 14704 | Lair:5   | Entered Level 5 of the Lair of Beasts
 15340 | Lair:5   | Reached XP level 14. HP: 119/149 MP: 13/13
 15427 | Lair:5   | Reached skill level 10 in Dodging
 16463 | D:12     | Noticed a fire giant
 16736 | D:12     | Noticed Lodul
 16764 | D:12     | Killed Lodul
 16921 | D:12     | Found Qipighe's Magic Scroll Shop.
 16927 | D:12     | Bought a scroll of teleportation for 45 gold pieces
 16927 | D:12     | Bought a scroll of teleportation for 45 gold pieces
 17264 | D:12     | Killed a fire giant
 17931 | D:12     | Noticed Frances
 17958 | D:12     | Killed Frances
 18013 | D:12     | Found a staircase to the Orcish Mines.
 18056 | D:12     | Reached XP level 15. HP: 157/157 MP: 14/14
 18353 | Orc:1    | Entered Level 1 of the Orcish Mines
 18353 | Orc:1    | Found Uwadovuw's Weapon Shoppe.
 18353 | Orc:1    | Found Udoeniss's Magic Scroll Emporium.
 18379 | Orc:1    | Bought a scroll of enchant armour for 105 gold pieces
 18523 | Orc:2    | Entered Level 2 of the Orcish Mines
 18544 | Orc:1    | Found Unaets's Magic Scroll Shop.
 18550 | Orc:1    | Found Geonuxib's Magic Scroll Shoppe.
 18721 | Orc:1    | Found Eboch's Antique Weapon Boutique.
 18873 | Orc:1    | Reached ***** piety under Ashenzari
 18973 | Orc:2    | Found a staircase to the Elven Halls.
 19123 | Orc:2    | Found Hoigak's Magic Scroll Boutique.
 19123 | Orc:2    | Found Uguth's Assorted Antiques.
 19158 | Orc:2    | Bought a scroll of enchant armour for 75 gold pieces
 19505 | Orc:2    | Found Neaqaz's Jewellery Shoppe.
 19506 | Orc:2    | Found Anownojise's General Store.
 19586 | Orc:2    | Bought a scroll of enchant armour for 97 gold pieces
 19955 | D:13     | Reached skill level 20 in Fighting
 20658 | D:13     | Reached ****** piety under Ashenzari
 21208 | D:14     | Reached skill level 21 in Fighting
 21430 | D:14     | Found a gate to the Vaults.
 22051 | D:14     | Reached skill level 22 in Fighting
 22100 | D:15     | Entered Level 15 of the Dungeon
 22231 | D:15     | Noticed Yxtef's ghost (journeyman DsFi)
 22239 | D:15     | Found a transporter.
 22244 | D:15     | Identified the ring "Bavaf" {Int+4 SInv}
 22262 | D:15     | Found a transporter.
 22317 | D:15     | Gained mutation: Your spells are a little easier to cast,
                  | but a little less powerful. [a neqoxec]
 22319 | D:15     | Gained mutation: Your magical capacity is low. (-10% MP) [a
                  | neqoxec]
 22327 | D:15     | Killed Yxtef's ghost
 22422 | D:15     | Found a staircase to the Depths.
 22453 | D:15     | Reached XP level 16. HP: 177/177 MP: 13/13
 22511 | Depths:1 | Entered Level 1 of the Depths
 22523 | D:15     | Identified the +4 scale mail of the Leaf {Str+2 Slay-4
                  | Stlth+}
 22697 | D:15     | Reached skill level 23 in Fighting
 23301 | Swamp:1  | Entered Level 1 of the Swamp
 23301 | Swamp:1  | Noticed Kirke
 23312 | Swamp:1  | Killed Kirke
 23659 | Swamp:1  | Reached skill level 1 in Evocations
 24788 | Swamp:2  | Identified the +1 leather armour of the Jabberwock {Drain
                  | Str+8}
 24794 | Swamp:2  | Reached skill level 15 in Dodging
 24797 | Swamp:2  | Noticed Louise
 24800 | Abyss:3  | Cast into level 3 of the Abyss (Louise)
 25069 | Abyss:3  | Noticed a bone dragon
 25095 | Abyss:3  | Killed a bone dragon
 25135 | Abyss:3  | Found a corrupted altar of Lugonu.
 25184 | Abyss:3  | Noticed a tentacled starspawn
 25185 | Abyss:3  | Noticed a tentacled starspawn
 25186 | Abyss:3  | Noticed a tentacled starspawn
 25187 | Abyss:3  | Found a corrupted altar of Lugonu.
 25192 | Abyss:3  | Noticed a tentacled starspawn
 25194 | Abyss:3  | Found a transporter.
 25271 | Swamp:2  | Escaped the Abyss
 25288 | Swamp:2  | Killed Louise
 25431 | Swamp:2  | Lost mutation: Your magical capacity is low. (-10% MP)
                  | [potion of mutation]
 25431 | Swamp:2  | Lost mutation: Your spells are a little easier to cast, but
                  | a little less powerful. [potion of mutation]
 25431 | Swamp:2  | Gained mutation: A frigid envelope surrounds you and
                  | freezes all who hurt you. [potion of mutation]
 25881 | Swamp:2  | Identified the +3 bardiche of Intuition {speed, rF+++ Will-
                  | MP+9 Dex+4}
 25893 | Swamp:2  | Reached XP level 17. HP: 168/178 MP: 16/16
 26050 | Swamp:2  | Found a runed translucent gate.
 26050 | Swamp:2  | Found a runed translucent gate.
 26050 | Swamp:2  | Found a runed translucent gate.
 26051 | Swamp:2  | Noticed Babtu's ghost (adept HOFi)
 26679 | Swamp:3  | Reached skill level 10 in Shields
 27169 | Swamp:4  | Entered Level 4 of the Swamp
 27966 | Swamp:4  | HP: 8/185 [poisoned by a swamp dragon (poison gas)]
 27971 | Swamp:3  | HP: 8/185 [poisoned by a swamp dragon (poison gas)]
 28544 | Swamp:4  | Got a decaying rune of Zot
 28924 | Swamp:4  | Found a burning altar of Makhleb.
 29410 | Snake:1  | Entered Level 1 of the Snake Pit
 29421 | Snake:1  | Noticed Aizul
 29443 | Snake:1  | Killed Aizul
 29499 | Snake:1  | Noticed Jorgrun
 29508 | Snake:1  | Noticed Donald
 29511 | Snake:1  | Killed Jorgrun
 29525 | Snake:1  | Killed Donald
 29526 | Snake:1  | Reached skill level 24 in Fighting
 29855 | Snake:1  | Noticed Mlioglotl
 29865 | Snake:1  | Killed Mlioglotl
 30192 | Snake:1  | Reached XP level 18. HP: 197/199 MP: 17/17
 30700 | Snake:2  | Reached skill level 25 in Fighting
 31557 | Snake:3  | Reached skill level 26 in Fighting
 32064 | Snake:3  | Found Biogap's Antique Weapon Shoppe.
 32215 | Snake:4  | Entered Level 4 of the Snake Pit
 32566 | Snake:4  | Reached skill level 15 in Armour
 32866 | Snake:4  | Got a serpentine rune of Zot
 33566 | Vaults:1 | Entered Level 1 of the Vaults
 33792 | Vaults:1 | Reached XP level 19. HP: 207/207 MP: 18/18
 34647 | Abyss:3  | Cast into level 3 of the Abyss (a wizard)
 34674 | Abyss:3  | Found a corrupted altar of Lugonu.
 34698 | Abyss:3  | Paralysed by accursed screaming for 1 turns
 34815 | Abyss:3  | Noticed a hellephant
 34989 | Abyss:4  | Gained mutation: You do not regenerate when monsters are
                  | visible. [a cacodemon]
 35261 | Vaults:1 | Escaped the Abyss
 35405 | Vaults:1 | Lost mutation: You do not regenerate when monsters are
                  | visible. [potion of mutation]
 35405 | Vaults:1 | Lost mutation: A frigid envelope surrounds you and freezes
                  | all who hurt you. [potion of mutation]
 35405 | Vaults:1 | Gained mutation: You are partially covered in iridescent
                  | scales. (AC +2) [potion of mutation]
 35405 | Vaults:1 | Gained mutation: Your flesh is heat resistant. (rF+)
                  | [potion of mutation]
 35698 | Vaults:1 | Found Neklyhi's Book Shop.
 36086 | Vaults:2 | Reached skill level 15 in Shields
 36243 | Vaults:2 | Noticed Asterion
 36253 | Vaults:2 | Gained mutation: You occasionally lose the ability to drink
                  | potions when taking damage. [a cacodemon]
 36269 | Vaults:2 | Killed Asterion
 36390 | Vaults:2 | Noticed Boris
 36407 | Vaults:2 | Killed Boris
 36692 | Vaults:2 | Reached XP level 20. HP: 174/207 MP: 19/19
 38198 | Vaults:3 | Found a staircase to the Crypt.
 38349 | Crypt:1  | Entered Level 1 of the Crypt
 39740 | Vaults:4 | Identified a scroll of acquirement
 40343 | Vaults:4 | Acquired the +1 crystal plate armour "Xobamorru" {+Blink
                  | rElec rF+++ rCorr Dex-3}
 40349 | Vaults:5 | Entered Level 5 of the Vaults
 40355 | Vaults:5 | Reached XP level 21. HP: 224/224 MP: 20/20
 40939 | Vaults:5 | Noticed a dread lich
 40960 | Vaults:5 | Killed a dread lich
 41446 | Vaults:5 | Identified the Vellum of Metamorphic Confrontation
 41506 | Vaults:5 | Found Gicocuk's Jewellery Shoppe.
 41521 | Vaults:5 | Found Zyff's Magic Scroll Shop.
 41522 | Vaults:5 | Found Noocob's Distillery.
 41526 | Vaults:5 | Bought 3 scrolls of blinking for 292 gold pieces
 41526 | Vaults:5 | Bought a scroll of teleportation for 39 gold pieces
 41531 | Vaults:5 | Bought a potion of might for 48 gold pieces
 41531 | Vaults:5 | Bought a potion of resistance for 120 gold pieces
 41531 | Vaults:5 | Bought a potion of heal wounds for 60 gold pieces
 41531 | Vaults:5 | Bought a potion of curing for 36 gold pieces
 41531 | Vaults:5 | Bought a potion of heal wounds for 60 gold pieces
 41531 | Vaults:5 | Bought a potion of curing for 36 gold pieces
 41531 | Vaults:5 | Bought a potion of heal wounds for 60 gold pieces
 41591 | Vaults:5 | Found Picacru's Antique Armour Shoppe.
 41649 | Vaults:5 | Found Fotwix's Magic Scroll Shoppe.
 41664 | Vaults:5 | Found Eguseov's Distillery.
 41665 | Vaults:5 | Bought a scroll of silence for 171 gold pieces
 41665 | Vaults:5 | Bought a scroll of teleportation for 54 gold pieces
 41665 | Vaults:5 | Bought a scroll of teleportation for 54 gold pieces
 41730 | Vaults:5 | Bought a potion of might for 76 gold pieces
 42182 | Vaults:5 | Found Akkouna's Armour Shoppe.
 42387 | Vaults:5 | Got a silver rune of Zot
 42734 | Depths:1 | Found a one-way gateway to a ziggurat.
 42764 | Depths:1 | Found Bommaidd's Assorted Antiques.
 42764 | Depths:1 | Found Upeuteel's Magic Scroll Shop.
 42781 | Depths:1 | Bought a scroll of acquirement for 728 gold pieces
 42781 | Depths:1 | Bought a scroll of enchant weapon for 105 gold pieces
 42781 | Depths:1 | Acquired the +6 tower shield "Pizoaqam" {rC+}
 42856 | Depths:1 | Reached XP level 22. HP: 233/233 MP: 21/21
 43116 | D:12     | Bought a scroll of enchant armour for 112 gold pieces
 43540 | Depths:1 | Reached skill level 15 in Polearms
 43570 | Depths:1 | Found a gateway to Hell.
 43692 | Depths:1 | Found a one-way gate to the infinite horrors of the Abyss.
 43814 | Depths:1 | Voluntarily entered the Abyss.
 43867 | Abyss:6  | Noticed an ancient lich
 43873 | Abyss:6  | Gained mutation: Your magical capacity is low. (-10% MP) [a
                  | neqoxec]
 43890 | Abyss:6  | Got an abyssal rune of Zot
 43893 | Depths:1 | Escaped the Abyss
 44104 | Depths:2 | Noticed a golden dragon
 44217 | Depths:2 | Identified the amulet of the Hammering Gods {rElec Regen+}
 44218 | Depths:2 | Found the +0 mask of the Dragon {Will+ Slay+3 SInv}
 44218 | Depths:2 | Identified the Encyclopedia of Terrain and Sinister Arts
 44260 | Depths:2 | Paralysed by a floating eye for 2 turns
 44336 | Depths:2 | Killed a golden dragon
 44348 | Depths:2 | Noticed Boris
 44564 | Depths:2 | Killed Boris
 44747 | Depths:1 | Reached skill level 1 in Long Blades
 44984 | Depths:2 | Reached skill level 5 in Long Blades
 45027 | Depths:2 | Found a one-way gate leading to the halls of Pandemonium.
 45965 | Depths:3 | Paralysed by a floating eye for 2 turns
 45971 | Depths:3 | Paralysed by a floating eye for 2 turns
 45979 | Depths:3 | Paralysed by a floating eye for 4 turns
 46116 | Depths:3 | Noticed a caustic shrike
 46122 | Depths:3 | Paralysed by a floating eye for 4 turns
 46224 | Depths:3 | Killed a caustic shrike
 46243 | Depths:3 | Paralysed by a floating eye for 4 turns
 46268 | Depths:3 | Reached skill level 10 in Long Blades
 46723 | Depths:4 | Entered Level 4 of the Depths
 47216 | Depths:4 | Noticed a caustic shrike
 47216 | Depths:4 | Noticed a caustic shrike
 47216 | Depths:4 | Noticed a caustic shrike
 47231 | Depths:4 | Killed a caustic shrike
 47231 | Depths:4 | Noticed a caustic shrike
 47239 | Depths:4 | Noticed a caustic shrike
 47249 | Depths:4 | Killed a caustic shrike
 47261 | Depths:4 | Killed a caustic shrike
 47278 | Depths:4 | Killed a caustic shrike
 47302 | Depths:4 | Killed a caustic shrike
 47303 | Depths:4 | Reached XP level 23. HP: 81/240 MP: 20/20
 47652 | Depths:4 | Noticed a caustic shrike
 47652 | Depths:4 | Noticed a caustic shrike
 47652 | Depths:4 | Noticed a caustic shrike
 47652 | Depths:4 | Noticed a caustic shrike
 47652 | Depths:4 | Noticed a caustic shrike
 47671 | Depths:4 | Killed a caustic shrike
 47754 | Depths:4 | Killed a caustic shrike
 47759 | Depths:4 | Killed a caustic shrike
 47766 | Depths:4 | Killed a caustic shrike
 47783 | Depths:4 | Killed a caustic shrike
 47840 | Depths:4 | Identified the ring "Gathot" {Ice *Corrode +Blink Fly
                  | Int+3}
 47840 | Depths:4 | Noticed Josephina
 47866 | Depths:4 | Killed Josephina
 48213 | Depths:4 | Reached skill level 15 in Long Blades
 48488 | Depths:4 | Found a gate to the Realm of Zot.
 48921 | Orc:1    | Bought a crystal great sword for 414 gold pieces
 48921 | Orc:1    | Identified the +10 great sword "Byemabag" {vorpal, Fragile
                  | rElec rPois Str+7} (You bought it in a shop on level 1 of
                  | the Orcish Mines)
 48972 | Elf:1    | Entered Level 1 of the Elven Halls
 48974 | Elf:1    | Found Fantupue's Magic Scroll Boutique.
 49004 | Elf:1    | Paralysed by an air elemental for 1 turns
 49132 | Elf:1    | Bought a scroll of enchant armour for 120 gold pieces
 49132 | Elf:1    | Bought a scroll of teleportation for 48 gold pieces
 49132 | Elf:1    | Bought a scroll of enchant weapon for 120 gold pieces
 49132 | Elf:1    | Bought a scroll of enchant weapon for 120 gold pieces
 49210 | Elf:1    | Found a runed translucent gate.
 49210 | Elf:1    | Found a runed translucent gate.
 49210 | Elf:1    | Found a runed translucent gate.
 49210 | Elf:1    | Found a runed translucent gate.
 49210 | Elf:1    | Found a runed translucent gate.
 49213 | Elf:1    | Found a runed translucent gate.
 49270 | Elf:1    | Found a crumbling gateway.
 49280 | Desolati | Entered the Desolation of Salt
 49363 | Desolati | Identified the amulet "Ropos" {Will+ Regen+ Int+3}
 49405 | Desolati | Identified the ring of Lioxofy {Drain rN++ rCorr Int+6}
 49418 | Desolati | Identified the ring "Guirr" {Will+ Str+8 Dex+6}
 49444 | Desolati | Identified the +10 great mace of Moderation {vorpal, Dex+2}
 49580 | Desolati | Identified the ring "Midosed" {Fly rF+++ MP+9 Str+10 Dex-5
                  | SInv}
 49581 | Desolati | Identified the +6 glaive "Zetsoh" {spect, rElec Str-2 Int+3
                  | Dex+3}
 49584 | Desolati | Identified the +4 halberd of the Viper {freeze, Str+3}
 49584 | Desolati | Identified the ring "Catum" {Fly rElec rPois Str+6 Dex-3}
 49594 | Desolati | Identified Sif Muna's Handbook of Freezing Profane Magic
 49926 | Desolati | Identified the +3 chain mail of Anaesthesia {Will+++ Int-5
                  | Dex+2 Stlth+}
 49950 | Desolati | Identified Numiutz's Folio of Confrontation and the
                  | Traveller
 49952 | Desolati | Identified the +7 hand axe of Ywkim {vorpal, rElec Dex+5}
 50982 | Elf:1    | Found Zausaimp's Antique Weapon Boutique.
 51033 | Elf:1    | Lost mutation: Your magical capacity is low. (-10% MP)
                  | [potion of mutation]
 51033 | Elf:1    | Lost mutation: Your flesh is heat resistant. (rF+) [potion
                  | of mutation]
 51033 | Elf:1    | Gained mutation: Your muscles are strong. (Str +4, Int/Dex
                  | -1) [potion of mutation]
 51033 | Elf:1    | Gained mutation: You have a somewhat thin skeletal
                  | structure. (Dex +2, Stealth+) [potion of mutation]
 51034 | Elf:1    | Lost mutation: You have a somewhat thin skeletal structure.
                  | (Dex +2, Stealth+) [potion of mutation]
 51034 | Elf:1    | Lost mutation: Your muscles are strong. (Str +4, Int/Dex
                  | -1) [potion of mutation]
 51034 | Elf:1    | Lost mutation: You occasionally lose the ability to drink
                  | potions when taking damage. [potion of mutation]
 51034 | Elf:1    | Gained mutation: You are weak. (Str -2) [potion of
                  | mutation]
 51466 | Elf:2    | Reached XP level 24. HP: 243/243 MP: 22/22
 51550 | Elf:2    | Found a portal to a secret trove of treasure.
 51811 | Elf:2    | Identified the Incunable of Mortification
 51914 | Elf:2    | Found a runed translucent gate.
 51915 | Elf:2    | Found a runed translucent gate.
 51915 | Elf:2    | Found a runed translucent gate.
 51976 | Abyss:6  | Noticed an ancient lich
 51976 | Abyss:6  | Cast into level 6 of the Abyss (+1 quick blade of
                  | distortion)
 51985 | Abyss:7  | Entered Level 7 of the Abyss
 51996 | Elf:2    | Escaped the Abyss
 52413 | Elf:3    | Entered Level 3 of the Elven Halls
 52546 | Elf:3    | Noticed Nikola
 52555 | Elf:3    | Killed Nikola
 52880 | Elf:3    | Found Mirhuvue's Jewellery Emporium.
 53029 | Elf:3    | Identified the +0 pearl dragon scales of the Ecumenical
                  | Temple {rC+ rN+ Regen+ Stlth+}
 53242 | Elf:3    | Identified the amulet "Bucliul" {Faith Regen+ Str+7}
 53292 | Elf:3    | Identified the +5 ring mail of Negligence {Int+4}
 53346 | Elf:3    | Identified Iwufripi's Atlas of Metamorphosis and the Coals
 53489 | Elf:3    | Identified the +7 spear of the Sage {flame, rElec rF+ rC-
                  | Stlth+}
 53489 | Elf:3    | Identified the +0 plate armour of Grot {*Slow Int+3 Dex+4}
 54194 | Zot:1    | Entered Level 1 of the Realm of Zot
 54444 | Zot:1    | Lost mutation: You are partially covered in iridescent
                  | scales. (AC +2) [potion of mutation]
 54444 | Zot:1    | Lost mutation: You are weak. (Str -2) [potion of mutation]
 54444 | Zot:1    | Gained mutation: You are partially covered in iridescent
                  | scales. (AC +2) [potion of mutation]
 54444 | Zot:1    | Gained mutation: Your magical capacity is low. (-10% MP)
                  | [potion of mutation]
 54444 | Zot:1    | Gained mutation: You passively map a small area around you.
                  | [potion of mutation]
 54691 | Zot:1    | Noticed an orb of fire
 54696 | Zot:1    | Gained mutation: You sometimes lose your temper in combat.
                  | [an orb of fire]
 55125 | Vaults:5 | Bought a ring of protection from fire for 425 gold pieces
 55414 | Zot:1    | Gained mutation: You have hidden genetic defects. [an orb
                  | of fire]
 55419 | Zot:1    | Gained mutation: You are dopey. (Int -2) [an orb of fire]
 55421 | Zot:1    | Killed an orb of fire
 55713 | Orc:2    | Bought a potion of mutation for 248 gold pieces
 55713 | Orc:2    | Lost mutation: You are dopey. (Int -2) [potion of mutation]
 55713 | Orc:2    | Lost mutation: You passively map a small area around you.
                  | [potion of mutation]
 55713 | Orc:2    | Lost mutation: You sometimes lose your temper in combat.
                  | [potion of mutation]
 55713 | Orc:2    | Gained mutation: You expend magic power (3 MP) to
                  | strengthen your wands. [potion of mutation]
 56460 | Zot:2    | Reached XP level 25. HP: 257/257 MP: 20/20
 56706 | Zot:3    | Gained mutation: You sometimes lose your temper in combat.
                  | [hidden defects]
 57121 | Zot:3    | Gained mutation: You are frail. (-10% HP) [hidden defects]
 57121 | Zot:3    | Lost mutation: You have hidden genetic defects. [hidden
                  | defects expressed]
 57660 | Elf:2    | You paid a toll of +2 gold dragon scales to enter a
                  | treasure trove
 57661 | Trove    | Entered a treasure trove
 57704 | Trove    | Identified the +4 demon trident of Tameprac {elec, *Rage
                  | rPois rF+}
 57717 | Trove    | Identified the +6 double sword "Mutoc" {vorpal, Int+3 SInv}
 58518 | Zot:5    | Entered Level 5 of the Realm of Zot
 58891 | Zot:5    | Noticed an orb of fire
 59028 | Zot:5    | Found a transporter.
 59028 | Zot:5    | Found a transporter.
 59038 | Zot:5    | Gained mutation: You have an uncontrollable temper. [an orb
                  | of fire]
 59049 | Zot:4    | Killed an orb of fire
 59161 | Zot:5    | Noticed a Killer Klown
 59182 | Zot:5    | Killed a Killer Klown
 59194 | Zot:5    | Noticed a Killer Klown
 59200 | Zot:5    | Noticed a dread lich
 59200 | Zot:5    | Noticed an ancient lich
 59203 | Zot:5    | Noticed a Killer Klown
 59208 | Zot:5    | Noticed a Killer Klown
 59235 | Zot:5    | Got the Orb of Zot
 59245 | Zot:5    | Noticed a Killer Klown
 59346 | Zot:3    | Noticed Urphoocvi the pandemonium lord
 59357 | Zot:3    | Killed Urphoocvi the pandemonium lord
 59563 | Depths:3 | Gained mutation: You are very frail. (-20% HP) [a
                  | cacodemon]
 59682 | Depths:1 | Reached XP level 26. HP: 212/212 MP: 20/20
 59814 | D:8      | Noticed Piv Mis the pandemonium lord
 59821 | D:8      | Killed Piv Mis the pandemonium lord
 60042 | D:1      | Noticed Malow the pandemonium lord
 60062 | D:1      | Killed Malow the pandemonium lord
 60066 | D:$      | Escaped with the Orb!

Illustrated notes

Levels and vault maps discovered:
D:1:      dpeg_arrival_stone_temple_mockup, layout_basic
D:2:      layout_loops_ring
D:3:      minmay_roachtagon, layout_basic
D:4:      layout_cave_pools
D:5:      layout_loops_ring, minmay_temple_entry_tees
D:6:      layout_basic, nicolae_concentric_dashed_squares_wild
D:7:      layout_loops_ring, vehumet_statue
D:8:      layout_basic, minitemple, uniq_erica, uniq_amaemon, uniq_grum
D:9:      layout_rooms, grunt_lair_entry_orc_guard_hut, item_on_display_a
D:10:     layout_loops_cross
D:11:     minmay_octagon_keep, layout_loops_ring, uniq_gastronok
D:12:     minmay_connected_boxes_in_corner, layout_grid_maze,
          minmay_orc_entry_temple_small, serial_shops, shop, uniq_lodul,
          uniq_frances
D:13:     minmay_wizard_corner, layout_cave_pods
D:14:     layout_basic, skrybe_vaults_entry_preservation, glass_columns_b
D:15:     gammafunk_depths_entry_grave, layout_basic,
          chequers_serial_rivers_small_a, gammafunk_ghost_stat_death
Temple:   zaba_magenta_temple
Lair:1:   layout_chaotic_city
Lair:2:   layout_chaotic_city, palyth_hydra_swamp_entry, st_stairs_10,
          nzn_sisyphean_effort
Lair:3:   layout_gridlike, guppyfry_snake_entry_island,
          nicolae_volcano_entry_s_turn, grunt_megastairs_1, lemuel_fruit_tree,
          uniq_urug
Lair:4:   layout_big_grid, slime_entry_1, minmay_lair_oklob_bushes,
          grunt_megastairs_2
Lair:5:   grunt_lair_end_beastmaster, layout_big_grid
Swamp:1:  nicolae_swamp_tree_isthmus, layout_basic_swamp,
          nicolae_swamp_treefoil, uniq_kirke
Swamp:2:  nicolae_swamp_flooded_prison, layout_basic_swamp,
          gammafunk_ghost_necromancy, nicolae_swamp_orc_logging_accident,
          swamp_pool2, uniq_louise
Swamp:3:  layout_basic_swamp, nicolae_swamp_some_circles, swamp_pool5
Swamp:4:  swamp_alternative, layout_basic_swamp, swamp_pool4,
          nicolae_swamp_godswood, nicolae_swamp_small_spring
Snake:1:  layout_basic, grunt_ministairs_12, nicolae_snake_dead_anacondas,
          uniq_donald, uniq_aizul, uniq_mlioglotl, uniq_jorgrun
Snake:2:  layout_cave_shapes
Snake:3:  layout_misc_corridors, serial_shops, nicolae_shop_statue_plus
Snake:4:  johnstein_snake_rune_scales, layout_rooms
Orc:1:    layout_diamond_mine, serial_shops, shop, nicolae_shop_hallway_plus,
          shop_statue, shop, nicolae_shop_statue_plus
Orc:2:    st_orc_town, layout_caves, nicolae_orc_stony_grotto
Elf:1:    layout_loops_cross, portal_desolation_entry_nicolae_slug,
          serial_shops, shop, nicolae_shop_statue_plus, orc_legates
Elf:2:    nicolae_elf_blades_crystal_corner, layout_geoelf_diagonals,
          nicolae_trove_entry_crossroad, st_stairs_11, minmay_elf_necromancy
Elf:3:    minmay_elf_hall_not_hex, layout_geoelf_diagonals, serial_shops, shop,
          st_stairs_3, uniq_nikola
Vaults:1: ontoclasm_vaults_eye, vaults_room_stairs_pillars,
          hangedman_vaults_trim, nicolae_vaults_ring_of_whatevers,
          ontoclasm_vaults_spin, vaults_room_corners, v_misc_5,
          nicolae_vaults_shelves_hall, vaults_room_grunt_arrival_ludios,
          ontoclasm_vaults_decontamination, nicolae_vaults_rhombus_5,
          vaults_mumra_chevron, layout_vaults_omnicross, serial_shops,
          nicolae_shop_stone
Vaults:2: ontoclasm_vaults_loading_screen, nicolae_vaults_little_squares_6,
          vaults_room_fours, ontoclasm_vaults_ring_small,
          nicolae_vaults_hallways_thing, grunt_vaults_funnel,
          dpeg_vaults_monster_box, v_alt_pattern_6, vaults_room_fours, st_cross,
          layout_vaults_big_room, uniq_boris, uniq_asterion
Vaults:3: v_pattern_5, minmay_crypt_entry_simple_sparse, v_rooms_2,
          st_smaller_cells, v_misc_11, ontoclasm_vaults_twist,
          hangedman_vaults_maws, v_misc_27, v_misc_25, v_misc_3,
          layout_vaults_omnigrid
Vaults:4: nicolae_vaults_little_squares_2, v_alt_pattern_1,
          vaults_standard_mumra_x, v_misc_17, v_misc_13, hangedman_vaults_maws,
          ontoclasm_vaults_gallery, v_rooms_3, v_misc_33,
          vaults_mumra_minichess, vaults_dpeg_diagonal,
          nicolae_vaults_shelves_hall, hangedman_vaults_hat,
          vaults_dpeg_encased_lava, layout_vaults_ring
Vaults:5
Crypt:1:  layout_misc_corridors, st_stairs_1, lemuel_upstairs_altar
Depths:1: layout_gridville, enter_ziggurat_b, hellmouth_1,
          minmay_misc_feat_pillars, abyss_entry_small_statue_room,
          kennysheep_generic_room_2, firewood_loft, minmay_shoptagon
Depths:2: minmay_strange_plus, layout_cave_shapes, rand_demon_pan_entry_5,
          minmay_misc_feat_nine_boxes, hangedman_geh_valley
Depths:3: hourglass_vault, layout_cross, hell_entry, grunt_pan_entry_in_and_out,
          minmay_misc_feat_tiny, hangedman_abyss_entry_splay, st_stairs_1,
          infiniplex_staircase_split_hallway
Depths:4: grunt_runaround [grunt_runaround_doors_1, grunt_runaround_doors_2,
          grunt_runaround_doors_3, grunt_runaround_doors_4,
          grunt_runaround_zot], abyss_entry, hell_entry, uniq_josephina
Zot:1:    layout_onion_interference
Zot:2:    layout_cathedral_of_symmetry
Zot:3:    layout_basic, grunt_ministairs_1
Zot:4:    infiniplex_zot_generator, layout_onion
Zot:5:    layout_onion, hangedman_zot_decor_tridents, st_stairs_5,
          grunt_ministairs_15, nicolae_diode_stairs

Skill      XL: |  1  2  3  4  5  6  7  8  9 10 11 12 13 14 15 16 17 18 19 20 21 22 23 24 25 |
---------------+----------------------------------------------------------------------------+-----
Maces & Flails | 3 4 |  4.5
Polearms       | 2 4 6 8 10 11 12 14 17 20 | 20.3
Fighting       | 9 13 14 16 17 19 22 23 24 26 | 26.3
Armour         | 9 13 16 20 21 | 21.0
Shields        | 8 14 16 20 | 20.4
Dodging        | 9 13 14 16 17 18 22 25 | 25.5
Evocations     | 4 |  4.2
Long Blades    | 12 20 21 24 | 24.3

Action                   |  1- 3 |  4- 6 |  7- 9 | 10-12 | 13-15 | 16-18 | 19-21 | 22-24 | 25-27 || total
-------------------------+-------+-------+-------+-------+-------+-------+-------+-------+-------++-------
Melee: Flail             |    57 |       |       |       |       |       |       |       |       ||    57
       Headbutt          |    15 |    11 |    17 |   106 |   304 |   454 |   803 |   897 |   304 ||  2911
       Spear             |    29 |   111 |   169 |   591 |  1368 |  1948 |  2613 |  1078 |       ||  7907
       Demon blade       |       |       |       |       |       |       |       |  1572 |   783 ||  2355
 Cast: Magic Dart        |       |       |       |     9 |       |       |       |       |       ||     9
       Summon Small Mamm |       |       |       |     3 |       |       |       |       |       ||     3
Invok: Curse Item        |       |       |     2 |     2 |     6 |     1 |     1 |     5 |     1 ||    18
       Shatter the Chain |       |       |       |       |       |     1 |     2 |     5 |       ||     8
Evoke: Wand              |       |       |       |       |       |       |       |     1 |       ||     1
  Use: Scroll            |       |    13 |     8 |     1 |     8 |    11 |    11 |    14 |     7 ||    73
       Potion            |       |       |     1 |       |     2 |     9 |    23 |     7 |     9 ||    51
 Stab: Sleeping          |       |       |     1 |     1 |       |       |       |       |       ||     2
       Petrified         |       |       |       |       |    33 |       |       |       |       ||    33
       Distracted        |       |       |       |       |    10 |     3 |     3 |       |       ||    16
Armor: Scale mail        |    21 |    18 |     8 |       |       |       |       |       |       ||    47
       Steam dragon scal |       |       |    13 |    43 |       |       |       |       |       ||    56
       Plate armour      |       |       |       |    66 |    94 |   431 |   290 |   325 |   154 ||  1360
       Fire dragon scale |       |       |       |       |   161 |       |       |       |       ||   161
Dodge: Dodged            |    23 |    26 |    22 |    96 |   447 |   740 |   594 |   978 |   434 ||  3360
       Repelled          |       |       |       |     1 |    15 |    37 |    17 |    36 |    27 ||   133
Block: Buckler           |    11 |    19 |    11 |    53 |       |       |       |       |       ||    94
       Reflection        |       |       |       |     8 |       |       |       |       |       ||     8
       Orb               |       |       |       |    20 |       |       |       |       |       ||    20
       Tower shield      |       |       |       |       |       |   996 |  1834 |  2755 |   962 ||  6547

Table legend: (Time is in decaauts)
 A = Elapsed time spent in this place.
 B = Non-inter-level travel time spent in this place.
 C = Inter-level travel time spent in this place.
 D = Time resting spent in this place.
 E = Time spent auto-exploring this place.
 F = Levels seen in this place.
 G = Mean time per level.
                   A        B        C        D        E       F      G
               +--------+--------+--------+--------+--------+-----+--------+
         Total |  56082 |  49849 |   6233 |   8248 |  24805 |  60 |  934.7 |
       Dungeon |  15676 |  13426 |   2250 |   1736 |   8915 |  15 | 1045.1 |
        Temple |    103 |     85 |     18 |      0 |     65 |   1 |  103.0 |
          Lair |   5977 |   5451 |    526 |   1291 |   2892 |   5 | 1195.4 |
         Swamp |   5669 |   5432 |    237 |   1626 |   2259 |   4 | 1417.2 |
     Snake Pit |   3630 |   3504 |    126 |    391 |   1663 |   4 |  907.5 |
  Orcish Mines |   1965 |   1324 |    641 |      0 |    976 |   2 |  982.5 |
   Elven Halls |   3220 |   3027 |    193 |    231 |   1456 |   3 | 1073.3 |
        Vaults |   7481 |   6993 |    488 |    792 |   4002 |   5 | 1496.2 |
         Crypt |      2 |      2 |      0 |      0 |      0 |   1 |    2.0 |
        Depths |   6630 |   5156 |   1474 |    906 |   1994 |   4 | 1657.5 |
           Zot |   2953 |   2676 |    277 |    666 |    106 |   5 |  590.6 |
         Abyss |   1024 |   1024 |      0 |    155 |     24 |   8 |  128.0 |
         Trove |    102 |    102 |      0 |      0 |     18 |   1 |  102.0 |
       Volcano |    232 |    232 |      0 |     43 |     87 |   1 |  232.0 |
    Desolation |   1412 |   1412 |      0 |    409 |    346 |   1 | 1412.0 |
               +--------+--------+--------+--------+--------+-----+--------+

Top non-repeatable levels by time:
Depths:4: 2441 daAuts
    D:12: 2090 daAuts
 Swamp:2: 1866 daAuts
 Swamp:4: 1759 daAuts
  Lair:2: 1693 daAuts
Vaults:3: 1619 daAuts
Depths:3: 1599 daAuts
Vaults:5: 1574 daAuts
Vaults:1: 1555 daAuts
Depths:1: 1531 daAuts
  Lair:5: 1462 daAuts
Desolation: 1412 daAuts
    D:11: 1408 daAuts
   Elf:3: 1374 daAuts
Vaults:2: 1372 daAuts
